cohdb
Replays
Latest Replays
All Replays
Popular Replays
Top Player Replays
Match Explorer
How It Works
Community
CoH3 Stats
Reddit
Sign in to upload your games and track your stats! →
Sign in with Steam
Match 42642404
Unlisted
Match 42642404
Overview
Messages
Build Orders
End
Kradschützen Motorcycle Team
Selects Armored Support Battlegroup
Panzerpioneer Squad
Panzergrenadier Squad
250 Light Carrier
Panzergrenadier Squad
Construct Light Support Kompanie
Fire Support Elements
Selects Superior Fire Drills
Panzerjäger Mechanized Group
Flakvierling Half-track
Veteran Squad Leaders
2.5-tonne Medical Truck
Assault Grenadier Squad
Selects Flammpanzer III Medium Tank
Flammpanzer III Medium Tank
Vehicle Survival Package
Advanced Field Repairs
Assault Mechanized Group
Construct Panzerarmee Kommand
Selects Salvage Kits
Selects Panzer Storm
Walking Stuka Rocket Launcher
Armored Reserves
Panzer IV Assault Group
Selects Stuka Anti-tank Loiter
Stuka Anti-tank Loiter
Flak 36 Anti-tank Gun Team
Emergency Repair Kits
Rapid Advance
Trion
Steiner attacking
lemerman9
I OW U
0
0
Comments
sign in to comment!
No comments posted yet!